 Dungeon Crawl Stone Soup version 0.22.1-1-ga44c0e5 (webtiles) character file.

1087 Velaskes the Cudgeler (level 8, -1/62 HPs)
             Began as a Demonspawn Chaos Knight on Nov 4, 2018.
             Slain by an orc warrior
             ... wielding a +0 glaive
              (10 damage)
             ... on level 7 of the Dungeon.
             The game lasted 00:14:06 (4846 turns).

Velaskes the Cudgeler (Demonspawn Chaos Knight)     Turns: 4846, Time: 00:14:07

Health: -1/62      AC: 21    Str: 11 (13) XL:     8   Next: 9%
Magic:  8/8        EV:  9    Int: 10 (13) God:    Xom [..*...]
Gold:   237        SH:  0    Dex:  8 (13) Spells: 7/7 levels left

rFire    . . .     SeeInvis .   a - +1 mace (chaos)
rCold    . . .     Gourm    .   (no shield)
rNeg     . . .     Faith    .   k - +0 scale mail
rPois    .         Spirit   .   p - +0 helmet
rElec    .         Reflect  .   (no cloak)
rCorr    .         Harm     .   (no gloves)
MR       .....                  (no boots)
Stlth    ..........             g - amulet of regeneration
HPRegen  0.60/turn              f - +4 ring of protection
MPRegen  0.11/turn              (no ring)

@: sanguine armour
A: claws 1, clumsy 1, deterioration 1, sanguine armour 2
a: Renounce Religion


You were on level 7 of the Dungeon.
You worshipped Xom.
You were a toy of Xom.
You were not hungry.

You visited 1 branch of the dungeon, and saw 6 of its levels.

You collected 237 gold pieces.

Inventory:

Hand Weapons
 a - a +1 mace of chaos (weapon)
 t - a +6 club
Armour
 b - a +2 leather armour
 e - a cursed +0 robe
 k - a +0 scale mail (worn)
 p - a +0 helmet (worn)
Jewellery
 f - a +4 ring of protection (left claw)
 g - an amulet of regeneration (around neck)
Wands
 i - a wand of polymorph (25)
 r - a wand of clouds (5)
Scrolls
 h - 3 scrolls of identify
 l - a scroll of remove curse
 u - a scroll of teleportation
Potions
 j - 2 potions of curing
Comestibles
 c - 7 rations


   Skills:
 + Level 5.3 Fighting
 + Level 6.3 Maces & Flails
 + Level 4.4 Armour
 + Level 2.7 Dodging
 + Level 1.2 Stealth


You had 7 spell levels left.
You didn't know any spells.
Your spell library was empty.

Dungeon Overview and Level Annotations

Branches:
Dungeon (7/15)
 Temple: D:4-7

Altars:
Fedhas
Kikubaaqudgha
The Shining One


Innate Abilities, Weirdness & Mutations

You have sharp fingernails.
When seriously injured, your bleeding wounds create thick armour. (AC +9)
You are clumsy. (Dex -2)
Your body sometimes deteriorates upon taking damage.


Message History

You feel better. The orc warrior hits you with a glaive.
* * * LOW HITPOINT WARNING * * *
You hit the orc warrior but do no damage.
The orc warrior looks as sick as possible!
The orc warrior is severely wounded.
The orc warrior hits you but does no damage.
You closely miss the orc warrior.
The orc warrior is severely wounded.
The orc warrior hits you with a glaive!
* * * LOW HITPOINT WARNING * * *
You closely miss the orc warrior.
The orc warrior is severely wounded.
Okay, then.
You closely miss the orc warrior.
The orc warrior is severely wounded.
The orc warrior closely misses you.
You closely miss the orc warrior.
The orc warrior is almost dead.
The orc warrior hits you with a glaive!
You die...

#.. #.# ... #.#
#.# #.# ...#.#
#####.#.#
........#####
#########.#oo...#
#<.....##.#o###.#
######.##.#@#
#.##.#.# #.##.#.#
#.##.#.# #.##.#.#
#.##.#.# #......#
####.#####.#
#........


You could see an orc warrior and 2 orcs.

Vanquished Creatures
  Grinder (D:3)
  A black bear (D:6)
  A swamp drake (D:3)
  A bullfrog (D:6)
  A water moccasin skeleton (D:6)
  A centaur zombie (D:3)
  2 hounds (D:6)
  4 orc priests
  A jelly (D:6)
  3 orc wizards
  A centaur skeleton (D:4)
  Jessica (D:2)
  A worker ant (D:6)
  A hound skeleton (D:6)
  A howler monkey skeleton (D:2)
  5 adders (D:3)
  4 gnolls (D:3)
  3 oozes
  3 adder skeletons
  3 worms
  3 dart slugs
  5 leopard geckos
  13 orcs
  2 bat skeletons (D:2)
  A giant cockroach (D:3)
  7 goblins
  3 hobgoblins
  7 jackals (D:1)
  A quokka (D:3)
  A ball python (D:2)
  5 bats
  3 frilled lizards
  3 kobolds
  2 quokka skeletons (D:2)
  8 rats
  A plant (D:1)
104 creatures vanquished.

Vanquished Creatures (others)
  An orc (D:3)
1 creature vanquished.

Grand Total: 105 creatures vanquished

Notes
Turn   | Place    | Note
-------+----------+-------------------------------------------
     0 | D:1      | Velaskes the Demonspawn Chaos Knight began the quest for
                  | the Orb.
     0 | D:1      | Reached XP level 1. HP: 18/18 MP: 1/1
   272 | D:1      | Gained mutation: You have sharp fingernails. [demonic
                  | ancestry]
   272 | D:1      | Reached XP level 2. HP: 22/24 MP: 2/2
   327 | D:1      | Reached skill level 3 in Maces & Flails
   567 | D:1      | XOM: polymorph dart slug -> leopard gecko
   577 | D:1      | Gained mutation: When seriously injured, your bleeding
                  | wounds create armour. (AC +9) [demonic ancestry]
   577 | D:1      | Reached XP level 3. HP: 30/30 MP: 3/3
   904 | D:2      | Reached skill level 1 in Dodging
  1003 | D:2      | Found an ancient bone altar of Kikubaaqudgha.
  1016 | D:2      | Found a blossoming altar of Fedhas.
  1065 | D:2      | Found a glowing golden altar of the Shining One.
  1081 | D:2      | XOM: harmless Air miscast
  1142 | D:2      | XOM: fog
  1152 | D:2      | XOM: butterfly on damage
  1370 | D:2      | Noticed Jessica
  1375 | D:2      | Killed Jessica
  1375 | D:2      | Gained mutation: When seriously injured, your bleeding
                  | wounds create thick armour. (AC +9) [demonic ancestry]
  1375 | D:2      | Reached XP level 4. HP: 37/37 MP: 4/4
  1635 | D:3      | Reached XP level 5. HP: 40/42 MP: 5/5
  1638 | D:3      | Reached skill level 4 in Maces & Flails
  1727 | D:3      | XOM: enchant monster (bad)
  1852 | D:3      | Noticed Ijyb
  1867 | D:3      | Noticed Ijyb
  1867 | D:3      | XOM: polymorph something unseen -> Ijyb the swamp drake
  1887 | D:3      | Killed Ijyb the swamp drake
  1887 | D:3      | Reached XP level 6. HP: 31/49 MP: 6/6
  1950 | D:3      | Noticed Grinder
  1958 | D:3      | XOM: blink monster(s)
  1966 | D:3      | Reached skill level 5 in Maces & Flails
  1969 | D:3      | XOM: noise
  1976 | D:3      | Paralysed by Grinder for 6 turns
  1984 | D:3      | Paralysed by Grinder for 7 turns
  1996 | D:3      | Killed Grinder
  1996 | D:3      | Reached XP level 7. HP: 41/55 MP: 7/7
  2238 | D:4      | XOM: swap monsters
  2274 | D:4      | You fall through a shaft for 2 floors!
  2465 | D:6      | Reached skill level 5 in Fighting
  2470 | D:6      | XOM: noise
  2485 | D:6      | XOM: cleaving
  2491 | D:6      | XOM: polymorph hound -> worm
  2536 | D:6      | XOM: give mutations
  2536 | D:6      | Gained mutation: You are clumsy. (Dex -2) [Xom's mischief]
  2536 | D:6      | Gained mutation: You are frail. (-10% HP) [Xom's mischief]
  2536 | D:6      | Lost mutation: You are frail. (-10% HP) [Xom's mischief]
  2536 | D:6      | Gained mutation: Your body sometimes deteriorates upon
                  | taking damage. [Xom's mischief]
  2560 | D:6      | Reached skill level 1 in Stealth
  2621 | D:6      | XOM: silly message
  2638 | D:6      | XOM: fog
  2642 | D:6      | Reached skill level 6 in Maces & Flails
  2838 | D:6      | Reached XP level 8. HP: 49/62 MP: 8/8
  3215 | D:6      | XOM: cloud trail
  3364 | D:6      | XOM: harmless Fire miscast
  3493 | D:6      | XOM: harmless Tloc miscast
  4029 | D:6      | XOM: harmless Erth miscast
  4153 | D:6      | XOM: harmless Air miscast
  4546 | D:6      | XOM: harmless Hex miscast
  4813 | D:7      | XOM: mild Tmut miscast
  4819 | D:7      | XOM: confuse monster(s)
  4828 | D:7      | XOM: harmless Tloc miscast
  4829 | D:7      | XOM: potion effect (heal wounds)
  4846 | D:7      | Slain by an orc warrior

Skill      XL: |  1  2  3  4  5  6  7 |
---------------+----------------------+-----
Maces & Flails | 3 4 5 6 |  6.3
Dodging        | 1 2 |  2.7
Armour         | 2 3 4 |  4.4
Fighting       | 4 5 |  5.3
Stealth        | 1 |  1.2

Action                   |  1- 3 |  4- 6 |  7- 9 || total
-------------------------+-------+-------+-------++-------
Melee: Mace              |   143 |   156 |   132 ||   431
  Use: Scroll            |     4 |       |     5 ||     9
       Potion            |       |     2 |     6 ||     8
 Stab: Petrified         |       |     1 |       ||     1
       Confused          |       |     1 |     3 ||     4
  Eat: Chunk             |     2 |     2 |       ||     4
       Ration            |       |       |     3 ||     3
Armor: Leather armour    |    46 |       |       ||    46
       Scale mail        |    57 |   116 |    83 ||   256
Dodge: Dodged            |    85 |    87 |    78 ||   250
